 Dungeon Crawl Stone Soup version 0.30-a0-170-g85af917532 (webtiles) character file.

Game seed: 4565134556093762815

158683 qw the Severer (level 17, -1/112 HPs)
             Began as a Gargoyle Fighter on Sept 30, 2022.
             Was a High Priest of Okawaru.
             Blown up by an orb spider (39 damage)
             ... with a wavering orb of destruction
             ... on level 3 of the Spider Nest.
             The game lasted 00:12:13 (24693 turns).

qw the Severer (Gargoyle Fighter)                  Turns: 24693, Time: 00:12:13

Health: -1/112     AC: 40    Str: 32    XL:     17   Next: 72%
Magic:  19/24      EV: 18    Int:  9    God:    Okawaru [*****.]
Gold:   712        SH: 20    Dex:  9    Spells: 16/16 levels left

rFire   + . .      SeeInvis .    Y - +9 broad axe (freeze)
rCold   . . .      Faith    .    B - +0 tower shield of the Tundras {*Corrode rPois Str+4 Slay+3}
rNeg    + . .      Spirit   .    c - +2 plate armour {rF+}
rPois   inf        Reflect  .    p - +2 helmet
rElec   +          Harm     .    n - scarf {repulsion}
rCorr   .          Rampage  .    r - +2 pair of gloves
Will    +....                    y - +2 pair of boots
Stlth   ..........               h - amulet of regeneration
HPRegen 1.08/turn                C - +4 ring of evasion
MPRegen 0.19/turn                E - +4 ring of evasion

@: heroic, finesse-ful, corroded, flying, repel missiles
A: sickness immunity, AC +12, big wings, negative energy resistance 1,
electricity resistance, torment resistance 1, petrification resistance
a: Renounce Religion, Heroism, Finesse, Duel


You were on level 3 of the Spider Nest.
You worshipped Okawaru.
Okawaru was extremely pleased with you.
You visited 6 branches of the dungeon, and saw 29 of its levels.

You collected 2832 gold pieces.
You spent 2120 gold pieces at shops.


Innate Abilities, Weirdness & Mutations

You are immune to sickness and miasma.
Your stone body is resilient. (AC +12)
You are immune to poison.
Your large and strong wings let you fly.
You resist negative energy. (rN+)
You are resistant to electric shocks. (rElec)
You are resistant to unholy torment.
You are immune to petrification.


   Skills:
 - Level 14.4(19.4) Fighting
 - Level 18.0(23.0) Axes
 - Level 7.9(12.9) Throwing
 - Level 13.0(18.0) Armour
 - Level 3.1(8.1) Dodging
 + Level 14.8(19.8) Shields
 - Level 10.0 Invocations


You had 16 spell levels left.
You didn't know any spells.
Your spell library was empty.

Inventory:

Hand Weapons
 z - a +1 vorpal morningstar
 Y - a +9 broad axe of freezing (weapon)
Missiles
 x - 3 javelins
 A - a silver javelin (quivered)
 H - 16 boomerangs
Armour
 c - a +2 plate armour of fire resistance (worn)
 n - a scarf of repulsion (worn)
 p - a +2 helmet (worn)
 r - a +2 pair of gloves (worn)
 u - +0 acid dragon scales
 y - a +2 pair of boots (worn)
 B - the +0 tower shield of the Tundras (worn) {*Corrode rPois Str+4 Slay+3}
   (Okawaru gifted it to you on level 2 of the Spider Nest)

   Str:       It affects your strength (+4).
   Slay:      It affects your accuracy & damage with ranged weapons and melee
   (+3).
   rPois:     It protects you from poison.
   *Corrode:  It may corrode you when you take damage.
 F - a +1 cloak of stealth
Jewellery
 e - a ring of protection from fire
 f - a ring of resist corrosion
 h - an amulet of regeneration (around neck)
 v - a ring of ice
 C - a +4 ring of evasion (left hand)
 D - the ring "Picioh Vyiqa" {Drain rElec rPois rC+}
   (You bought it in a shop on level 10 of the Dungeon)

   [ring of poison resistance]

   rC:        It protects you from cold.
   rElec:     It insulates you from electricity.
   rPois:     It protects you from poison.
   Drain:     It drains your maximum health when unequipped.
 E - a +4 ring of evasion (right hand)
Wands
 l - a wand of digging (6)
Scrolls
 a - 10 scrolls of teleportation
 g - 7 scrolls of identify
Potions
 b - 4 potions of haste
 d - 5 potions of might
 i - a potion of magic
 j - 10 potions of heal wounds
 k - 2 potions of cancellation
 m - 2 potions of mutation
 o - 4 potions of curing
 q - 5 potions of attraction
 t - 6 potions of lignification
 w - a potion of resistance

Dungeon Overview and Level Annotations

Branches:
Dungeon (15/15)            Temple (1/1) D:5            Lair (5/5) D:9
 Shoals (3/4) Lair:3       Spider (3/4) Lair:2        Slime (0/5) Lair:5
    Orc (2/2) D:9             Elf (0/3) Orc:2        Vaults (0/5) D:14
 Depths (0/4) D:15

Altars:
Ashenzari
Cheibriados
Dithmenos
Elyvilon
Fedhas
Gozag
Hepliaklqana
Kikubaaqudgha
Makhleb
Nemelex Xobeh
Okawaru
Qazlal
Ru
Sif Muna
Trog
Uskayaw
Vehumet
Wu Jian
Xom
Yredelemnul
Zin
The Shining One
Jiyva

Shops:
D:6 *   D:7 (   D:10 =   D:11 (   D:14 (   Orc:2 !?[!

Portals:
Trove: D:14 (show slimy rune of Zot)

Annotations:
D:11 2 runed translucent doors
Shoals:3 3 runed translucent doors, Kehia's ghost, adept DrWn


Message History

You fly downwards.
The jumping spider leaps!
The orb spider weaves a glowing orb of energy.
An orb of destruction comes into view.
There is a stone staircase leading up here.
24680 ||| INVOKING Finesse.
You can now deal lightning-fast blows.
The orb of destruction hits you!!
The jumping spider leaps! x2
The orb spider weaves a glowing orb of energy.
The jumping spider leaps!
An orb of destruction comes into view.
You see here a jumping spider corpse.
The jumping spider leaps!
The orb of destruction hits you!
The orb spider begins to weave its threads into a brightly glowing ball.
There is a stone staircase leading up here.
24685 ||| INVOKING Heroism.
You gain the combat prowess of a mighty hero.
The orb spider spins a strand of pure energy.
Things that are here:
a redback corpse; a tarantella corpse The jumping spider pounces on you.
The jumping spider completely misses you.
Things that are here:
a redback corpse; a tarantella corpse You slash the jumping spider!
You freeze the jumping spider.
The jumping spider is severely wounded.
The jumping spider leaps!
The jumping spider leaps!
The orb spider weaves a glowing orb of energy.
The jumping spider leaps!
An orb of destruction comes into view.
You block the jumping spider's attack. x2
The orb spider weaves a glowing orb of energy.
The orb of destruction hits you!!!
Your corrosive artefact corrodes you!
An orb of destruction comes into view.
You slash the jumping spider! You freeze the jumping spider.
You kill the jumping spider!
Okawaru accepts your kill.
The wavering orb of destruction hits you!!!
You die...

.. #............~
...^#$............
....#....^........
.......#.#.....!..
..................
^.......#.........
........#......^..
.....s..%.%.......
^..^..0@.<%....#..
....^....%%.......
....!...0%........
.......0.......>#.
.[0.....s......^#
......./..........
#.^....^.^..^.....
.............#...
............^...


You could see 2 orb spiders.

Vanquished Creatures
  Nikola (Shoals:1)
  Arachne (Spider:2)
  Frances (Spider:2)
  2 krakens
  Gastronok (D:9)
  2 ghost moths
  A broodmother (Spider:2)
  Nessos (Orc:2)
  Azrael (Spider:2)
  4 dire elephants (Lair:5)
  An entropy weaver (Spider:2)
  2 merfolk impalers
  Josephine (Shoals:1)
  Fannar (D:11)
  4 hydras
  A vault guard (D:14)
  2 ogre magi
  2 radroaches (Spider:1)
  An alligator snapping turtle (Shoals:3)
  6 centaur warriors
  A catoblepas (Lair:4)
  2 dancing weapons (D:14)
  A merfolk aquamancer (Shoals:1)
  5 boulder beetles
  2 satyrs (Shoals:3)
  6 two-headed ogres
  6 death yaks (Lair:5)
  A death scarab (Spider:2)
  3 tengu warriors
  6 orc high priests
  A spectral death yak (Lair:5)
  6 pharaoh ants
  4 sun moths
  4 steelbarb worms
  4 skeletal warriors (D:12)
  4 orb spiders
  A spectral anaconda (Lair:5)
  6 sea snakes
  4 wizards
  5 necromancers
  An orange crystal statue (D:10)
  Pikel (D:7)
  An orc knight (D:11)
  A deep elf pyromancer (D:11)
  An obsidian statue (Lair:5)
  7 harpies
  3 orc sorcerers
  A lindwurm (Lair:3)
  10 wolf spiders
  2 oklob plants
  3 cyclopes
  19 ugly things
  11 fauns
  2 moths of wrath
  4 merfolk sirens
  6 elephants (Lair:5)
  9 manticores
  2 slime creatures (D:13)
  An ice statue (D:10)
  3 black mambas
  A centaur zombie (D:15)
  3 water nymphs (Shoals:1)
  12 cane toads
  3 torpor snails
  4 unseen horrors (D:11)
  Psyche (D:11)
  2 centaur skeletons (D:15)
  14 komodo dragons
  9 demonic crawlers
  2 efreet
  A rime drake (shapeshifter) (D:13)
  10 trolls
  2 ice devils (D:13)
  A wind drake (Shoals:2)
  6 merfolk
  3 polar bears (Lair:2)
  3 meliai (Spider:2)
  4 dream sheep (Shoals:1)
  23 tarantellas
  14 blink frogs
  8 snapping turtles
  2 centaur simulacra (D:15)
  19 jumping spiders
  10 culicivoras
  4 water elementals
  6 wyverns
  7 wraiths
  35 yaks
  Eustachio (D:5)
  4 shadows
  3 basilisks
  35 redbacks
  3 fire elementals (Spider:2)
  A redback (shapeshifter) (D:11)
  6 vampire mosquitoes
  3 wargs
  11 water moccasins
  6 acid dragons
  2 hell hounds (Spider:2)
  Duvessa (D:6)
  A meliai simulacrum (D:15)
  26 orc warriors
  4 black bears
  11 wolves
  7 centaurs
  5 ogres
  2 lemures (D:7)
  8 kobold brigands
  9 bullfrogs
  4 gnoll sergeants
  4 scorpions
  11 wights
  Dowan (D:6)
  9 killer bees
  An electric eel (Lair:1)
  6 howler monkeys
  6 hounds
  24 orc priests
  2 jellies
  2 gnoll boudas
  4 iguanas
  39 orc wizards
  18 gnolls
  2 adders
  2 shadow imps
  2 white imps
  2 worms
  4 dart slugs
  89 orcs
  4 bats
  4 endoplasms
  7 goblins
  4 hobgoblins
  10 jackals
  11 kobolds
  3 quokkas
  11 ball pythons
  6 frilled lizards
  2 rats
  6 tentacles
854 creatures vanquished.

Vanquished Creatures (others)
  An elephant (Lair:5)
  A bush (Lair:2)
  12 fungi
  26 plants
  11 tentacles
  22 withered plants (Lair:5)
73 creatures vanquished.

Grand Total: 927 creatures vanquished

Notes
Turn   | Place    | Note
-------+----------+-------------------------------------------
     0 | D:1      | qw the Gargoyle Fighter began the quest for the Orb.
     0 | D:1      | Reached XP level 1. HP: 14/14 MP: 1/1
     0 | D:1      | 0 ||| qw: Version: 0.2-a-12-gaebbb33
     0 | D:1      | 0 ||| qw: Game counter: 1654
     0 | D:1      | 0 ||| qw: Always use a shield: true
     0 | D:1      | 0 ||| qw: God list: Okawaru
     0 | D:1      | 0 ||| qw: Allow faded altars: false
     0 | D:1      | 0 ||| qw: Do Orc after D:15 true
     0 | D:1      | 0 ||| qw: Do second Lair branch before Depths: true
     0 | D:1      | 0 ||| qw: Lair rune preference: random
     0 | D:1      | 0 ||| qw: Plans: Normal, Zot:1-4, God:TSO, Crypt, Tomb,
                  | Pan, Slime:5, Hells, Abyss, Orb
     0 | D:1      | 0 ||| PLANNING D:1-11
    43 | D:1      | Reached skill level 2 in Axes
   100 | D:1      | Reached XP level 2. HP: 19/19 MP: 2/2
   586 | D:1      | Found a faded altar of an unknown god.
   802 | D:1      | 802 ||| READING 2 scrolls labelled JUALOE TURAFI.
   807 | D:1      | 807 ||| READING scroll labelled LAJIFI ORUIFU.
   808 | D:1      | 808 ||| READING 2 scrolls labelled TAENKI YCKYGG.
   809 | D:1      | 809 ||| READING scroll labelled WYUCRE ZENEQU.
   810 | D:1      | 810 ||| DRINKING 2 blue potions.
   811 | D:1      | 811 ||| DRINKING 2 smoky golden potions.
   812 | D:1      | 812 ||| DROPPING potion of invisibility.
   813 | D:1      | 813 ||| DROPPING potion of magic.
   814 | D:1      | 814 ||| DROPPING scroll of poison.
   999 | D:2      | Reached skill level 3 in Axes
  1108 | D:2      | 1108 ||| Stepping ~*~*~tactically~*~*~ (stealth).
  1120 | D:2      | Reached XP level 3. HP: 22/23 MP: 3/3
  1147 | D:2      | Identified the +6 hand axe of Annoyance {distort, *Noise
                  | rN++ Int+3 Dex+4}
  1149 | D:2      | 1149 ||| DROPPING +6 hand axe of Annoyance {distort, *Noise
                  | rN++ Int+3 Dex+4}.
  1254 | D:2      | 1254 ||| Stepping ~*~*~tactically~*~*~ (stealth).
  1255 | D:2      | 1255 ||| Stepping ~*~*~tactically~*~*~ (stealth).
  1256 | D:2      | 1256 ||| Stepping ~*~*~tactically~*~*~ (stealth).
  1446 | D:2      | 1446 ||| UPGRADING to ring of resist corrosion.
  1447 | D:2      | 1447 ||| DROPPING +6 ring of intelligence.
  1448 | D:2      | 1448 ||| READING scroll labelled JEORU XYOPO.
  1449 | D:2      | 1449 ||| READING 2 scrolls labelled NISHASK BOTEROZE.
  1450 | D:2      | 1450 ||| READING scroll labelled RYXKIU MYIPAJ.
  1451 | D:2      | 1451 ||| DRINKING 2 cyan potions.
  1607 | D:3      | 1607 ||| Stepping ~*~*~tactically~*~*~ (hiding).
  1613 | D:3      | Reached skill level 4 in Axes
  1613 | D:3      | Reached XP level 4. HP: 28/28 MP: 4/4
  1655 | D:3      | 1655 ||| DROPPING +0 whip.
  1837 | D:3      | 1837 ||| FLEEEEING.
  1838 | D:3      | 1838 ||| FLEEEEING.
  1839 | D:3      | 1839 ||| FLEEEEING.
  1840 | D:3      | 1840 ||| FLEEEEING.
  1841 | D:3      | 1841 ||| FLEEEEING.
  1842 | D:3      | 1842 ||| FLEEEEING.
  1843 | D:3      | 1843 ||| FLEEEEING.
  1844 | D:3      | 1844 ||| FLEEEEING.
  1845 | D:3      | 1845 ||| FLEEEEING.
  1846 | D:3      | 1846 ||| FLEEEEING.
  1847 | D:3      | 1847 ||| FLEEEEING.
  1887 | D:3      | Found a shadowy altar of Dithmenos.
  2128 | D:3      | 2128 ||| UPGRADING to amulet of regeneration.
  2133 | D:3      | 2133 ||| UPGRADING to +6 ring of dexterity.
  2134 | D:3      | 2134 ||| READING 2 scrolls labelled AKKEAN ZOHUL.
  2135 | D:3      | 2135 ||| DRINKING 3 red potions.
  2236 | D:3      | 2236 ||| DROPPING 2 potions of ambrosia.
  2332 | D:4      | Reached skill level 1 in Dodging
  2332 | D:4      | Reached XP level 5. HP: 32/32 MP: 5/5
  2371 | D:4      | 2371 ||| Stepping ~*~*~tactically~*~*~ (hiding).
  2510 | D:4      | 2510 ||| Stepping ~*~*~tactically~*~*~ (stealth).
  2512 | D:4      | 2512 ||| Stepping ~*~*~tactically~*~*~ (hiding).
  2516 | D:4      | 2516 ||| Stepping ~*~*~tactically~*~*~ (hiding).
  2517 | D:4      | 2517 ||| Stepping ~*~*~tactically~*~*~ (hiding).
  2526 | D:4      | HP: 6/32 [gnoll/+0 halberd (10)]
  2527 | D:4      | 2527 ||| READING 4 scrolls of teleportation.
  2527 | D:4      | HP: 1/32 [gnoll/+0 halberd (6)]
  2528 | D:4      | 2528 ||| DRINKING 2 potions of heal wounds.
  2541 | D:4      | Found a glowing golden altar of the Shining One.
  2768 | D:4      | 2768 ||| Stepping ~*~*~tactically~*~*~ (stealth).
  2769 | D:4      | 2769 ||| Stepping ~*~*~tactically~*~*~ (stealth).
  2770 | D:4      | 2770 ||| Stepping ~*~*~tactically~*~*~ (stealth).
  2776 | D:4      | Reached skill level 5 in Axes
  2786 | D:4      | Reached XP level 6. HP: 36/38 MP: 6/6
  2786 | D:4      | 2786 ||| Stepping ~*~*~tactically~*~*~ (hiding).
  2787 | D:4      | 2787 ||| Stepping ~*~*~tactically~*~*~ (hiding).
  2789 | D:4      | 2789 ||| Stepping ~*~*~tactically~*~*~ (hiding).
  3062 | D:4      | 3062 ||| Stepping ~*~*~tactically~*~*~ (stealth).
  3069 | D:4      | 3069 ||| Stepping ~*~*~tactically~*~*~ (stealth).
  3072 | D:4      | 3072 ||| Stepping ~*~*~tactically~*~*~ (hiding).
  3094 | D:4      | 3094 ||| UPGRADING to +2 pair of gloves.
  3099 | D:4      | 3099 ||| READING 2 scrolls of identify.
  3099 | D:4      | 3099 ||| IDENTIFYING fizzy white potion
  3100 | D:4      | 3100 ||| DROPPING potion of degeneration.
  3113 | D:5      | Entered Level 5 of the Dungeon
  3364 | D:5      | Reached skill level 6 in Axes
  3364 | D:5      | Reached XP level 7. HP: 43/43 MP: 7/7
  3420 | D:5      | Found a stormy altar of Qazlal.
  3510 | D:5      | Noticed Eustachio
  3538 | D:5      | Killed Eustachio
  3578 | D:5      | Reached skill level 7 in Axes
  3639 | D:5      | Found a staircase to the Ecumenical Temple.
  3640 | D:5      | 3640 ||| PLANNING TEMPLE
  3640 | D:5      | 3640 ||| UPGRADING to ring of protection from fire.
  3642 | D:5      | 3642 ||| READING scroll labelled UNA WUUZEP.
  3643 | D:5      | 3643 ||| READING 2 scrolls labelled GOIM JAIGY RYF.
  3644 | D:5      | 3644 ||| READING scroll labelled VEHUEPP BEQYEBROU.
  3645 | D:5      | 3645 ||| READING 2 scrolls of identify.
  3645 | D:5      | 3645 ||| IDENTIFYING inky potion
  3646 | D:5      | 3646 ||| DROPPING scroll of vulnerability.
  3652 | Temple   | Entered the Ecumenical Temple
  3663 | Temple   | 3663 ||| PLANNING OKAWARU WORSHIP
  3685 | Temple   | Became a worshipper of Warmaster Okawaru
  3686 | Temple   | 3686 ||| PLANNING D:1-11
  3796 | D:6      | Reached XP level 8. HP: 42/49 MP: 8/8
  3806 | D:6      | Noticed Dowan
  3808 | D:6      | Noticed Duvessa
  3821 | D:6      | Killed Duvessa
  3827 | D:6      | Killed Dowan
  3858 | D:6      | Found a blossoming altar of Fedhas.
  3870 | D:6      | Reached * piety under Okawaru
  3871 | D:6      | Reached skill level 8 in Axes
  3960 | D:6      | Noticed a wyvern
  3973 | D:6      | 3973 ||| INVOKING Heroism.
  3974 | D:6      | Killed a wyvern
  4133 | D:6      | Found Orhew's Elemental Accessories.
  4213 | D:6      | 4213 ||| INVOKING Heroism.
  4222 | D:6      | Reached skill level 6 in Fighting
  4222 | D:6      | Reached skill level 3 in Invocations
  4440 | D:6      | 4440 ||| UPGRADING to +0 chain mail.
  4450 | D:6      | 4450 ||| DROPPING +0 scale mail.
  4451 | D:6      | 4451 ||| UPGRADING to +0 pair of boots.
  4456 | D:6      | 4456 ||| READING 2 scrolls of enchant armour.
  4456 | D:6      | 4456 ||| ENCHANTING +0 pair of boots.
  4457 | D:6      | 4457 ||| READING scroll of enchant armour.
  4457 | D:6      | 4457 ||| ENCHANTING +1 pair of boots.
  4458 | D:6      | 4458 ||| DRINKING 3 dark potions.
  4459 | D:6      | 4459 ||| READING 2 scrolls of identify.
  4459 | D:6      | 4459 ||| IDENTIFYING fuming cyan potion
  4460 | D:6      | 4460 ||| DROPPING potion of flight.
  4486 | D:7      | Found Neam's Antique Weapon Boutique.
  4490 | D:7      | 4490 ||| Stepping ~*~*~tactically~*~*~ (stealth).
  4492 | D:7      | 4492 ||| Stepping ~*~*~tactically~*~*~ (hiding).
  4496 | D:7      | 4496 ||| INVOKING Heroism.
  4505 | D:7      | Reached XP level 9. HP: 55/55 MP: 9/11
  4574 | D:7      | Noticed Pikel
  4575 | D:7      | 4575 ||| Stepping ~*~*~tactically~*~*~ (hiding).
  4577 | D:7      | 4577 ||| Stepping ~*~*~tactically~*~*~ (stealth).
  4578 | D:7      | 4578 ||| INVOKING Heroism.
  4590 | D:7      | 4590 ||| DRINKING 2 potions of curing.
  4590 | D:7      | 4590 ||| (to cure confusion)
  4601 | D:7      | 4601 ||| INVOKING Heroism.
  4603 | D:7      | Killed Pikel
  4603 | D:7      | Reached ** piety under Okawaru
  4672 | D:7      | 4672 ||| Stepping ~*~*~tactically~*~*~ (stealth).
  4755 | D:7      | Found a bloodstained altar of Trog.
  4916 | D:7      | 4916 ||| Stepping ~*~*~tactically~*~*~ (stealth).
  4917 | D:7      | 4917 ||| INVOKING Heroism.
  4927 | D:7      | Reached skill level 9 in Axes
  5060 | D:7      | 5060 ||| DROPPING +0 morningstar.
  5133 | D:7      | 5133 ||| INVOKING Heroism.
  5158 | D:7      | 5158 ||| Stepping ~*~*~tactically~*~*~ (stealth).
  5211 | D:7      | 5211 ||| Stepping ~*~*~tactically~*~*~ (hiding).
  5218 | D:7      | Reached *** piety under Okawaru
  5368 | D:7      | 5368 ||| UPGRADING to +0 helmet.
  5373 | D:7      | 5373 ||| READING scroll labelled KIOQ ONWOR.
  5374 | D:7      | 5374 ||| DRINKING 2 sedimented silvery potions.
  5375 | D:7      | 5375 ||| DRINKING 2 coppery potions.
  5453 | D:8      | 5453 ||| FLEEEEING.
  5454 | D:8      | 5454 ||| FLEEEEING.
  5460 | D:8      | 5460 ||| FLEEEEING.
  5461 | D:8      | 5461 ||| FLEEEEING.
  5462 | D:8      | 5462 ||| INVOKING Heroism.
  5507 | D:8      | 5507 ||| Stepping ~*~*~tactically~*~*~ (hiding).
  5515 | D:8      | Reached XP level 10. HP: 63/63 MP: 13/13
  5627 | D:8      | 5627 ||| DROPPING +1 vorpal hand axe.
  5682 | D:8      | 5682 ||| INVOKING Heroism.
  5725 | D:8      | Reached skill level 10 in Axes
  5726 | D:8      | 5726 ||| Stepping ~*~*~tactically~*~*~ (hiding).
  5727 | D:8      | 5727 ||| Stepping ~*~*~tactically~*~*~ (hiding).
  5728 | D:8      | 5728 ||| Stepping ~*~*~tactically~*~*~ (hiding).
  5845 | D:8      | 5845 ||| INVOKING Heroism.
  5891 | D:8      | 5891 ||| INVOKING Heroism.
  5902 | D:8      | Reached skill level 6 in Armour
  6086 | D:8      | 6086 ||| READING scroll labelled QETUKE LEBBE.
  6087 | D:8      | 6087 ||| READING scroll labelled CUKAXO NOOTASAR.
  6087 | D:8      | Identified a scroll of acquirement
  6087 | D:8      | 6087 ||| ACQUIRING +2 broad axe of freezing
  6087 | D:8      | Acquired a +2 broad axe of freezing
  6089 | D:8      | 6089 ||| SWAPPING to +2 broad axe of freezing.
  6090 | D:8      | 6090 ||| DROPPING +1 war axe.
  6091 | D:8      | 6091 ||| DRINKING 3 sapphire potions.
  6092 | D:8      | 6092 ||| READING 2 scrolls of identify.
  6092 | D:8      | 6092 ||| IDENTIFYING viscous amethyst potion
  6093 | D:8      | 6093 ||| DROPPING 2 potions of brilliance.
  6103 | D:9      | 6103 ||| INVOKING Heroism.
  6268 | D:9      | 6268 ||| INVOKING Heroism.
  6269 | D:9      | Found a flagged portal.
  6298 | D:9      | Found an ancient bone altar of Kikubaaqudgha.
  6363 | D:9      | Reached **** piety under Okawaru
  6389 | D:9      | Found a staircase to the Lair.
  6437 | D:9      | 6437 ||| INVOKING Heroism.
  6521 | D:9      | Found a staircase to the Orcish Mines.
  6522 | D:9      | 6522 ||| INVOKING Heroism.
  6537 | D:9      | Reached skill level 6 in Invocations
  6543 | D:9      | HP: 15/64 [gnoll sergeant/+4 vorpal spear (5)]
  6544 | D:9      | 6544 ||| READING 7 scrolls of teleportation.
  6545 | D:9      | 6545 ||| DRINKING 5 potions of heal wounds.
  6637 | D:9      | Identified the +1 scale mail of Igofac {Will+}
  6641 | D:9      | Found a glowing silver altar of Zin.
  6683 | D:9      | Noticed Gastronok
  6684 | D:9      | 6684 ||| INVOKING Heroism.
  6700 | D:9      | Killed Gastronok
  6700 | D:9      | Reached ***** piety under Okawaru
  6701 | D:9      | Reached skill level 11 in Axes
  6701 | D:9      | Reached XP level 11. HP: 36/68 MP: 14/16
  6745 | D:9      | 6745 ||| Stepping ~*~*~tactically~*~*~ (stealth).
  6747 | D:9      | 6747 ||| Stepping ~*~*~tactically~*~*~ (stealth).
  6750 | D:9      | 6750 ||| INVOKING Heroism.
  6777 | D:9      | 6777 ||| Stepping ~*~*~tactically~*~*~ (hiding).
  6820 | D:9      | 6820 ||| PLANNING LAIR
  6820 | D:9      | 6820 ||| DROPPING +1 scale mail of Igofac {Will+}.
  6821 | D:9      | 6821 ||| UPGRADING to +0 kite shield.
  6831 | D:9      | 6831 ||| DROPPING +0 buckler.
  6832 | D:9      | 6832 ||| READING 2 scrolls labelled RUAK ITINTAEZ.
  6833 | D:9      | 6833 ||| DROPPING scroll of blinking.
  6869 | Lair:1   | Entered Level 1 of the Lair of Beasts
  6870 | Lair:1   | 6870 ||| INVOKING Heroism.
  6941 | Lair:1   | 6941 ||| INVOKING Heroism.
  6983 | Lair:1   | 6983 ||| INVOKING Heroism.
  6988 | Lair:1   | Reached skill level 6 in Shields
  7148 | Lair:1   | 7148 ||| INVOKING Heroism.
  7221 | Lair:1   | 7221 ||| Stepping ~*~*~tactically~*~*~ (hiding).
  7307 | Lair:1   | 7307 ||| INVOKING Heroism.
  7389 | Lair:1   | 7389 ||| READING scroll of enchant weapon.
  7389 | Lair:1   | 7389 ||| ENCHANTING +2 broad axe of freezing.
  7668 | Lair:1   | 7668 ||| READING 2 scrolls of identify.
  7668 | Lair:1   | 7668 ||| IDENTIFYING black potion
  7732 | Lair:2   | Found a hole to the Spider Nest.
  7770 | Lair:2   | 7770 ||| INVOKING Heroism.
  7792 | Lair:2   | 7792 ||| Stepping ~*~*~tactically~*~*~ (stealth).
  7795 | Lair:2   | 7795 ||| Stepping ~*~*~tactically~*~*~ (stealth).
  7805 | Lair:2   | 7805 ||| INVOKING Heroism.
  7805 | Lair:2   | Noticed a four-headed hydra
  7806 | Lair:2   | 7806 ||| INVOKING Finesse.
  7810 | Lair:2   | 7810 ||| SWAPPING to +1 vorpal morningstar.
  7812 | Lair:2   | Reached skill level 9 in Invocations
  7821 | Lair:2   | Killed a four-headed hydra
  7822 | Lair:2   | 7822 ||| SWAPPING to +3 broad axe of freezing.
  7949 | Lair:2   | 7949 ||| Stepping ~*~*~tactically~*~*~ (stealth).
  7951 | Lair:2   | 7951 ||| INVOKING Heroism.
  8037 | Lair:2   | 8037 ||| INVOKING Heroism.
  8092 | Lair:2   | 8092 ||| INVOKING Heroism.
  8128 | Lair:2   | Identified the +8 demon trident of Fundamental Breach
                  | {pain, Str+4 SInv} (Okawaru gifted it to you on level 2 of
                  | the Lair of Beasts)
  8128 | Lair:2   | Received a gift from Okawaru
  8163 | Lair:2   | 8163 ||| INVOKING Heroism.
  8188 | Lair:2   | 8188 ||| Stepping ~*~*~tactically~*~*~ (stealth).
  8465 | Lair:2   | 8465 ||| INVOKING Heroism.
  8470 | Lair:2   | Reached skill level 9 in Shields
  8470 | Lair:2   | Reached XP level 12. HP: 64/73 MP: 16/19
  8566 | Lair:2   | 8566 ||| Stepping ~*~*~tactically~*~*~ (water).
  8658 | Lair:2   | 8658 ||| READING 2 scrolls of identify.
  8658 | Lair:2   | 8658 ||| IDENTIFYING bubbling coppery potion
  8659 | Lair:2   | 8659 ||| DROPPING potion of berserk rage.
  8672 | Lair:3   | 8672 ||| INVOKING Heroism.
  8680 | Lair:3   | Reached skill level 3 in Dodging
  8718 | Lair:3   | 8718 ||| Stepping ~*~*~tactically~*~*~ (stealth).
  8719 | Lair:3   | 8719 ||| Stepping ~*~*~tactically~*~*~ (stealth).
  8727 | Lair:3   | 8727 ||| INVOKING Heroism.
  8777 | Lair:3   | 8777 ||| INVOKING Heroism.
  8815 | Lair:3   | Noticed a six-headed hydra
  8816 | Lair:3   | 8816 ||| INVOKING Heroism.
  8817 | Lair:3   | 8817 ||| INVOKING Finesse.
  8821 | Lair:3   | Reached skill level 9 in Fighting
  8821 | Lair:3   | 8821 ||| SWAPPING to +1 vorpal morningstar.
  8831 | Lair:3   | Killed a six-headed hydra
  8832 | Lair:3   | 8832 ||| SWAPPING to +3 broad axe of freezing.
  9028 | Lair:3   | 9028 ||| Stepping ~*~*~tactically~*~*~ (stealth).
  9030 | Lair:3   | 9030 ||| INVOKING Heroism.
  9042 | Lair:3   | Reached skill level 1 in Throwing
  9113 | Lair:3   | 9113 ||| INVOKING Heroism.
  9189 | Lair:3   | 9189 ||| INVOKING Heroism.
  9196 | Lair:3   | Reached skill level 3 in Throwing
  9460 | Lair:3   | Found a staircase to the Shoals.
  9571 | Lair:3   | 9571 ||| UPGRADING to +6 ring of strength.
  9573 | Lair:3   | 9573 ||| UPGRADING to ring of protection from fire.
  9604 | Lair:4   | 9604 ||| STAIRDANCE
  9630 | Lair:4   | 9630 ||| INVOKING Heroism.
  9676 | Lair:4   | 9676 ||| Stepping ~*~*~tactically~*~*~ (stealth).
  9678 | Lair:4   | 9678 ||| INVOKING Heroism.
  9679 | Lair:4   | 9679 ||| Stepping ~*~*~tactically~*~*~ (stealth).
  9695 | Lair:4   | 9695 ||| Stepping ~*~*~tactically~*~*~ (stealth).
  9699 | Lair:4   | 9699 ||| INVOKING Heroism.
  9767 | Lair:4   | 9767 ||| Stepping ~*~*~tactically~*~*~ (stealth).
  9770 | Lair:4   | 9770 ||| Stepping ~*~*~tactically~*~*~ (stealth).
  9773 | Lair:4   | 9773 ||| INVOKING Heroism.
  9788 | Lair:4   | 9788 ||| INVOKING Finesse.
  9852 | Lair:4   | 9852 ||| INVOKING Heroism.
  9859 | Lair:4   | Reached skill level 12 in Axes
  9983 | Lair:4   | Noticed a catoblepas
  9984 | Lair:4   | 9984 ||| INVOKING Heroism.
  9985 | Lair:4   | 9985 ||| INVOKING Finesse.
  9989 | Lair:4   | Killed a catoblepas
 10049 | Lair:4   | 10049 ||| INVOKING Heroism.
 10051 | Lair:4   | 10051 ||| Stepping ~*~*~tactically~*~*~ (stealth).
 10056 | Lair:4   | Received a gift from Okawaru
 10087 | Lair:4   | 10087 ||| READING scroll of enchant weapon.
 10087 | Lair:4   | 10087 ||| ENCHANTING +3 broad axe of freezing.
 10092 | Lair:4   | 10092 ||| Stepping ~*~*~tactically~*~*~ (stealth).
 10097 | Lair:4   | 10097 ||| INVOKING Heroism.
 10102 | Lair:4   | Reached XP level 13. HP: 80/80 MP: 17/20
 10270 | Lair:4   | Received a gift from Okawaru
 10297 | Lair:4   | 10297 ||| Stepping ~*~*~tactically~*~*~ (stealth).
 10499 | Lair:4   | 10499 ||| UPGRADING to scarf of repulsion.
 10504 | Lair:4   | 10504 ||| UPGRADING to +0 plate armour.
 10514 | Lair:4   | 10514 ||| DROPPING +0 chain mail.
 10525 | Lair:5   | Entered Level 5 of the Lair of Beasts
 10527 | Lair:5   | 10527 ||| INVOKING Heroism.
 10540 | Lair:5   | 10540 ||| INVOKING Finesse.
 10576 | Lair:5   | Identified the +4 quarterstaff of the Scavenger {freeze,
                  | rN+++ Str+4}
 10600 | Lair:5   | 10600 ||| Stepping ~*~*~tactically~*~*~ (stealth).
 10606 | Lair:5   | 10606 ||| INVOKING Heroism.
 10626 | Lair:5   | 10626 ||| Stepping ~*~*~tactically~*~*~ (stealth).
 10629 | Lair:5   | 10629 ||| Stepping ~*~*~tactically~*~*~ (stealth).
 10656 | Lair:5   | 10656 ||| Stepping ~*~*~tactically~*~*~ (stealth).
 10734 | Lair:5   | 10734 ||| Stepping ~*~*~tactically~*~*~ (stealth).
 10736 | Lair:5   | 10736 ||| Stepping ~*~*~tactically~*~*~ (stealth).
 10737 | Lair:5   | 10737 ||| INVOKING Heroism.
 10786 | Lair:5   | 10786 ||| INVOKING Heroism.
 10817 | Lair:5   | 10817 ||| INVOKING Finesse.
 10818 | Lair:5   | 10818 ||| Stepping ~*~*~tactically~*~*~ (stealth).
 10819 | Lair:5   | 10819 ||| Stepping ~*~*~tactically~*~*~ (stealth).
 10830 | Lair:5   | Reached skill level 9 in Armour
 10836 | Lair:5   | 10836 ||| INVOKING Heroism.
 11071 | Lair:5   | Noticed a dire elephant
 11071 | Lair:5   | Noticed a dire elephant
 11075 | Lair:5   | Noticed a dire elephant
 11092 | Lair:5   | Noticed a dire elephant
 11093 | Lair:5   | 11093 ||| INVOKING Heroism.
 11106 | Lair:5   | Killed a dire elephant
 11167 | Lair:5   | Reached skill level 13 in Axes
 11212 | Lair:5   | 11212 ||| INVOKING Heroism.
 11291 | Lair:5   | Received a gift from Okawaru
 11308 | Lair:5   | 11308 ||| INVOKING Heroism.
 11310 | Lair:5   | 11310 ||| Stepping ~*~*~tactically~*~*~ (water).
 11313 | Lair:5   | HP: 15/82 [dire elephant (12)]
 11314 | Lair:5   | 11314 ||| READING 8 scrolls of teleportation.
 11315 | Lair:5   | 11315 ||| DRINKING 6 potions of heal wounds.
 11316 | Lair:5   | 11316 ||| DRINKING 5 potions of heal wounds.
 11430 | Lair:5   | 11430 ||| INVOKING Heroism.
 11480 | Lair:5   | Found a viscous altar of Jiyva.
 11480 | Lair:5   | Found a staircase to the Slime Pits.
 11491 | Lair:5   | 11491 ||| INVOKING Heroism.
 11492 | Lair:5   | 11492 ||| INVOKING Finesse.
 11509 | Lair:5   | Received a gift from Okawaru
 11730 | Lair:5   | 11730 ||| READING scroll of enchant weapon.
 11730 | Lair:5   | 11730 ||| ENCHANTING +4 broad axe of freezing.
 11743 | Lair:5   | 11743 ||| INVOKING Heroism.
 11752 | Lair:5   | Killed a dire elephant
 11781 | Lair:5   | 11781 ||| INVOKING Heroism.
 11790 | Lair:5   | Killed a dire elephant
 11791 | Lair:5   | Gained mutation: Your large and strong wings let you fly.
                  | [Gargoyle growth]
 11791 | Lair:5   | Reached XP level 14. HP: 88/88 MP: 19/21
 11811 | Lair:5   | Killed a dire elephant
 11852 | Lair:5   | 11852 ||| INVOKING Heroism.
 11853 | Lair:5   | 11853 ||| INVOKING Finesse.
 11908 | Lair:5   | Reached skill level 14 in Axes
 11925 | Lair:5   | 11925 ||| PLANNING D:1-11
 11925 | Lair:5   | 11925 ||| READING scroll labelled VYSSUJ SOKOA.
 12082 | D:10     | Entered Level 10 of the Dungeon
 12088 | D:10     | 12088 ||| Stepping ~*~*~tactically~*~*~ (hiding).
 12200 | D:10     | 12200 ||| READING scroll of enchant weapon.
 12200 | D:10     | 12200 ||| ENCHANTING +5 broad axe of freezing.
 12218 | D:10     | Found a radiant altar of Vehumet.
 12228 | D:10     | 12228 ||| READING scroll of enchant armour.
 12228 | D:10     | 12228 ||| ENCHANTING +0 helmet.
 12244 | D:10     | 12244 ||| Stepping ~*~*~tactically~*~*~ (stealth).
 12247 | D:10     | 12247 ||| Stepping ~*~*~tactically~*~*~ (stealth).
 12249 | D:10     | 12249 ||| Stepping ~*~*~tactically~*~*~ (stealth).
 12254 | D:10     | 12254 ||| INVOKING Heroism.
 12255 | D:10     | 12255 ||| Stepping ~*~*~tactically~*~*~ (hiding).
 12256 | D:10     | 12256 ||| Stepping ~*~*~tactically~*~*~ (hiding).
 12303 | D:10     | 12303 ||| INVOKING Heroism.
 12304 | D:10     | 12304 ||| INVOKING Finesse.
 12424 | D:10     | 12424 ||| INVOKING Heroism.
 12425 | D:10     | 12425 ||| INVOKING Finesse.
 12427 | D:10     | 12427 ||| Stepping randomly (cloudy).
 12428 | D:10     | 12428 ||| Stepping ~*~*~tactically~*~*~ (cloud).
 12508 | D:10     | 12508 ||| FLEEEEING.
 12509 | D:10     | 12509 ||| FLEEEEING.
 12513 | D:10     | 12513 ||| STAIRDANCE
 12621 | D:10     | 12621 ||| Stepping ~*~*~tactically~*~*~ (hiding).
 12634 | D:10     | 12634 ||| Stepping ~*~*~tactically~*~*~ (stealth).
 12638 | D:10     | 12638 ||| Stepping ~*~*~tactically~*~*~ (hiding).
 12730 | D:10     | Found Mael's Jewellery Emporium.
 12739 | D:10     | 12739 ||| BUYING +4 ring of evasion (504 gold).
 12739 | D:10     | Bought a +4 ring of evasion for 504 gold pieces
 12739 | D:10     | 12739 ||| BUYING ring "Picioh Vyiqa" {Drain rElec rPois
                  | rC+} (495 gold).
 12739 | D:10     | Bought the ring "Picioh Vyiqa" {Drain rElec rPois rC+} for
                  | 495 gold pieces
 12739 | D:10     | 12739 ||| SHOPLISTING ring of protection from fire (350
                  | gold, have 192).
 12739 | D:10     | 12739 ||| SHOPLISTING ring of see invisible (210 gold, have
                  | 192).
 12850 | D:10     | 12850 ||| Stepping ~*~*~tactically~*~*~ (hiding).
 13017 | D:10     | Found a hazy altar of Hepliaklqana.
 13057 | D:10     | 13057 ||| DROPPING +6 ring of dexterity.
 13058 | D:10     | 13058 ||| UPGRADING to +4 ring of evasion.
 13060 | D:10     | 13060 ||| UPGRADING to +6 ring of strength.
 13087 | D:11     | 13087 ||| STAIRDANCE
 13092 | D:11     | 13092 ||| STAIRDANCE
 13098 | D:11     | 13098 ||| STAIRDANCE
 13170 | D:11     | Noticed Psyche
 13175 | D:11     | 13175 ||| DRINKING 2 potions of cancellation.
 13179 | D:11     | Killed Psyche
 13354 | D:11     | Found Mal Seck's Antique Weapon Shoppe.
 13402 | D:11     | 13402 ||| Stepping ~*~*~tactically~*~*~ (hiding).
 13417 | D:11     | 13417 ||| Stepping ~*~*~tactically~*~*~ (hiding).
 13458 | D:11     | Found a runed translucent door.
 13461 | D:11     | Found a runed translucent door.
 13485 | D:11     | 13485 ||| Stepping ~*~*~tactically~*~*~ (hiding).
 13677 | D:11     | 13677 ||| Stepping ~*~*~tactically~*~*~ (hiding).
 13720 | D:11     | 13720 ||| Stepping ~*~*~tactically~*~*~ (stealth).
 13722 | D:11     | 13722 ||| Stepping ~*~*~tactically~*~*~ (hiding).
 13724 | D:11     | 13724 ||| Stepping ~*~*~tactically~*~*~ (hiding).
 13726 | D:11     | 13726 ||| Stepping ~*~*~tactically~*~*~ (hiding).
 13735 | D:11     | 13735 ||| INVOKING Heroism.
 13743 | D:11     | Received a gift from Okawaru
 13752 | D:11     | 13752 ||| Stepping ~*~*~tactically~*~*~ (stealth).
 13761 | D:11     | 13761 ||| Stepping ~*~*~tactically~*~*~ (stealth).
 13763 | D:11     | 13763 ||| Stepping ~*~*~tactically~*~*~ (stealth).
 13768 | D:11     | Identified the ring of the Queen {rPois Str+4 Int-3}
 13769 | D:11     | 13769 ||| Stepping ~*~*~tactically~*~*~ (stealth).
 13771 | D:11     | 13771 ||| Stepping ~*~*~tactically~*~*~ (stealth).
 13779 | D:11     | 13779 ||| INVOKING Heroism.
 13810 | D:11     | Reached skill level 12 in Shields
 13812 | D:11     | Identified the +1 kite shield of Qusketun {Str+2} (Okawaru
                  | gifted it to you on level 11 of the Dungeon)
 13812 | D:11     | Received a gift from Okawaru
 13900 | D:11     | 13900 ||| READING scroll of enchant armour.
 13900 | D:11     | 13900 ||| ENCHANTING +1 helmet.
 13936 | D:11     | 13936 ||| Stepping ~*~*~tactically~*~*~ (hiding).
 13939 | D:11     | 13939 ||| INVOKING Heroism.
 14096 | D:11     | Noticed Fannar
 14119 | D:11     | Killed Fannar
 14120 | D:11     | Reached skill level 6 in Throwing
 14128 | D:11     | 14128 ||| READING scroll of enchant weapon.
 14128 | D:11     | 14128 ||| ENCHANTING +6 broad axe of freezing.
 14309 | D:11     | 14309 ||| PLANNING D
 14309 | D:11     | 14309 ||| UPGRADING to +2 kite shield of protection.
 14319 | D:11     | 14319 ||| DROPPING +0 kite shield.
 14320 | D:11     | 14320 ||| DROPPING +1 kite shield of Qusketun {Str+2}.
 14321 | D:11     | 14321 ||| UPGRADING to +4 ring of evasion.
 14323 | D:11     | 14323 ||| DROPPING +6 ring of strength.
 14324 | D:11     | 14324 ||| READING 2 scrolls labelled JUNUSEEHUB.
 14425 | D:11     | 14425 ||| DROPPING scroll of silence.
 14502 | D:12     | 14502 ||| INVOKING Heroism.
 14524 | D:12     | 14524 ||| Stepping ~*~*~tactically~*~*~ (stealth).
 14569 | D:12     | 14569 ||| DRINKING 4 potions of curing.
 14569 | D:12     | 14569 ||| (to cure confusion)
 14570 | D:12     | 14570 ||| DRINKING 3 potions of curing.
 14570 | D:12     | 14570 ||| (to cure confusion)
 14679 | D:12     | 14679 ||| Stepping ~*~*~tactically~*~*~ (stealth).
 14767 | D:12     | 14767 ||| INVOKING Heroism.
 14806 | D:12     | Found a shimmering blue altar of Sif Muna.
 15230 | D:12     | 15230 ||| UPGRADING to +1 plate armour of fire resistance.
 15240 | D:12     | 15240 ||| DROPPING +0 plate armour.
 15241 | D:12     | 15241 ||| DROPPING amulet of the acrobat.
 15290 | D:13     | 15290 ||| Stepping ~*~*~tactically~*~*~ (hiding).
 15323 | D:13     | 15323 ||| INVOKING Heroism.
 15324 | D:13     | 15324 ||| INVOKING Finesse.
 15326 | D:13     | 15326 ||| SWAPPING to +1 vorpal morningstar.
 15332 | D:13     | 15332 ||| SWAPPING to +7 broad axe of freezing.
 15412 | D:13     | Reached skill level 15 in Axes
 15549 | D:13     | 15549 ||| INVOKING Heroism.
 15612 | D:13     | 15612 ||| Stepping ~*~*~tactically~*~*~ (stealth).
 15614 | D:13     | 15614 ||| Stepping ~*~*~tactically~*~*~ (hiding).
 15684 | D:13     | 15684 ||| Stepping ~*~*~tactically~*~*~ (hiding).
 15785 | D:13     | 15785 ||| Stepping ~*~*~tactically~*~*~ (stealth).
 15786 | D:13     | 15786 ||| Stepping ~*~*~tactically~*~*~ (stealth).
 15792 | D:13     | Reached XP level 15. HP: 94/94 MP: 22/22
 15809 | D:13     | 15809 ||| Stepping ~*~*~tactically~*~*~ (hiding).
 15944 | D:13     | Found a frozen archway.
 16089 | D:14     | 16089 ||| Stepping ~*~*~tactically~*~*~ (hiding).
 16092 | D:14     | 16092 ||| INVOKING Heroism.
 16122 | D:14     | Received a gift from Okawaru
 16123 | D:14     | Reached skill level 12 in Fighting
 16222 | D:14     | 16222 ||| INVOKING Heroism.
 16316 | D:14     | Found a portal to a secret trove of treasure.
 16427 | D:14     | 16427 ||| READING scroll of enchant weapon.
 16427 | D:14     | 16427 ||| ENCHANTING +7 broad axe of freezing.
 16621 | D:14     | Found Nafoa's Antique Weapon Shop.
 16770 | D:14     | 16770 ||| INVOKING Heroism.
 16771 | D:14     | 16771 ||| INVOKING Finesse.
 16777 | D:14     | 16777 ||| SWAPPING to +1 vorpal morningstar.
 16786 | D:14     | 16786 ||| SWAPPING to +8 broad axe of freezing.
 16818 | D:14     | Found a gate to the Vaults.
 16942 | D:15     | Entered Level 15 of the Dungeon
 17044 | D:15     | 17044 ||| Stepping ~*~*~tactically~*~*~ (stealth).
 17045 | D:15     | 17045 ||| Stepping ~*~*~tactically~*~*~ (stealth).
 17047 | D:15     | Received a gift from Okawaru
 17060 | D:15     | 17060 ||| INVOKING Heroism.
 17083 | D:15     | Found a staircase to the Depths.
 17084 | D:15     | 17084 ||| INVOKING Heroism.
 17093 | D:15     | Received a gift from Okawaru
 17137 | D:15     | 17137 ||| Stepping ~*~*~tactically~*~*~ (stealth).
 17138 | D:15     | 17138 ||| Stepping ~*~*~tactically~*~*~ (stealth).
 17141 | D:15     | 17141 ||| INVOKING Heroism.
 17159 | D:15     | 17159 ||| Stepping ~*~*~tactically~*~*~ (stealth).
 17164 | D:15     | Reached skill level 16 in Axes
 17187 | D:15     | 17187 ||| Stepping ~*~*~tactically~*~*~ (stealth).
 17198 | D:15     | 17198 ||| Stepping ~*~*~tactically~*~*~ (stealth).
 17208 | D:15     | 17208 ||| INVOKING Heroism.
 17224 | D:15     | Identified the +3 hand axe "Ytek" {freeze, Will+} (Okawaru
                  | gifted it to you on level 15 of the Dungeon)
 17224 | D:15     | Received a gift from Okawaru
 17390 | D:15     | Identified the +9 trident of Greed {vorpal, rC++ Will+
                  | Dex+2}
 17539 | D:15     | 17539 ||| Stepping ~*~*~tactically~*~*~ (stealth).
 17630 | D:15     | 17630 ||| Stepping ~*~*~tactically~*~*~ (stealth).
 17661 | D:15     | 17661 ||| PLANNING ORC
 17872 | Orc:1    | Entered Level 1 of the Orcish Mines
 17872 | Orc:1    | Found a burning altar of Makhleb.
 17938 | Orc:1    | 17938 ||| INVOKING Heroism.
 18283 | Orc:2    | Entered Level 2 of the Orcish Mines
 18318 | Orc:2    | 18318 ||| INVOKING Heroism.
 18337 | Orc:2    | 18337 ||| Stepping ~*~*~tactically~*~*~ (stealth).
 18338 | Orc:2    | 18338 ||| Stepping ~*~*~tactically~*~*~ (hiding).
 18360 | Orc:2    | 18360 ||| INVOKING Heroism.
 18449 | Orc:2    | 18449 ||| Stepping ~*~*~tactically~*~*~ (stealth).
 18452 | Orc:2    | 18452 ||| Stepping ~*~*~tactically~*~*~ (stealth).
 18507 | Orc:2    | 18507 ||| Stepping ~*~*~tactically~*~*~ (stealth).
 18516 | Orc:2    | 18516 ||| Stepping ~*~*~tactically~*~*~ (hiding).
 18518 | Orc:2    | 18518 ||| Stepping ~*~*~tactically~*~*~ (hiding).
 18523 | Orc:2    | 18523 ||| INVOKING Heroism.
 18545 | Orc:2    | 18545 ||| INVOKING Heroism.
 18552 | Orc:2    | HP: 19/96 [orc priest/divine providence (15)]
 18553 | Orc:2    | 18553 ||| READING 12 scrolls of teleportation.
 18554 | Orc:2    | 18554 ||| DRINKING 5 potions of heal wounds.
 18557 | Orc:2    | 18557 ||| DRINKING 4 potions of heal wounds.
 18557 | Orc:2    | Found a staircase to the Elven Halls.
 18579 | Orc:2    | 18579 ||| INVOKING Heroism.
 18603 | Orc:2    | Paralysed by an orc sorcerer for 5 turns
 18610 | Orc:2    | Reached skill level 12 in Armour
 18629 | Orc:2    | 18629 ||| INVOKING Heroism.
 18653 | Orc:2    | 18653 ||| Stepping ~*~*~tactically~*~*~ (stealth).
 18743 | Orc:2    | Noticed Nessos
 18744 | Orc:2    | 18744 ||| INVOKING Finesse.
 18744 | Orc:2    | Paralysed by Nessos for 2 turns
 18755 | Orc:2    | Paralysed by Nessos for 3 turns
 18762 | Orc:2    | 18762 ||| INVOKING Finesse.
 18764 | Orc:2    | 18764 ||| INVOKING Heroism.
 18801 | Orc:2    | Killed Nessos
 19006 | Orc:2    | Found Vayn's Distillery.
 19006 | Orc:2    | Found Zuleidd's Magic Scroll Shop.
 19007 | Orc:2    | Found Adomoedi's Distillery.
 19011 | Orc:2    | Found Riuculid's Antique Armour Boutique.
 19014 | Orc:2    | 19014 ||| BUYING potion of curing (39 gold).
 19014 | Orc:2    | Bought a potion of curing for 39 gold pieces
 19014 | Orc:2    | 19014 ||| BUYING potion of heal wounds (65 gold).
 19014 | Orc:2    | Bought a potion of heal wounds for 65 gold pieces
 19014 | Orc:2    | 19014 ||| BUYING potion of heal wounds (65 gold).
 19014 | Orc:2    | Bought a potion of heal wounds for 65 gold pieces
 19015 | Orc:2    | 19015 ||| SHOPLISTING crystal plate armour (2720 gold, have
                  | 1107).
 19015 | Orc:2    | 19015 ||| SHOPLISTING glowing fire dragon scales (2142
                  | gold, have 1107).
 19015 | Orc:2    | 19015 ||| BUYING pair of embroidered gloves (255 gold).
 19015 | Orc:2    | Bought a pair of embroidered gloves for 255 gold pieces
 19015 | Orc:2    | 19015 ||| BUYING shiny helmet (255 gold).
 19015 | Orc:2    | Bought a shiny helmet for 255 gold pieces
 19016 | Orc:2    | 19016 ||| BUYING 2 potions of heal wounds (130 gold).
 19016 | Orc:2    | Bought 2 potions of heal wounds for 130 gold pieces
 19016 | Orc:2    | 19016 ||| BUYING potion of curing (39 gold).
 19016 | Orc:2    | Bought a potion of curing for 39 gold pieces
 19016 | Orc:2    | 19016 ||| BUYING potion of heal wounds (65 gold).
 19016 | Orc:2    | Bought a potion of heal wounds for 65 gold pieces
 19016 | Orc:2    | 19016 ||| BUYING potion of heal wounds (65 gold).
 19016 | Orc:2    | Bought a potion of heal wounds for 65 gold pieces
 19016 | Orc:2    | 19016 ||| BUYING potion of lignification (39 gold).
 19016 | Orc:2    | Bought a potion of lignification for 39 gold pieces
 19016 | Orc:2    | 19016 ||| BUYING potion of mutation (104 gold).
 19016 | Orc:2    | Bought a potion of mutation for 104 gold pieces
 19171 | Orc:2    | 19171 ||| Stepping ~*~*~tactically~*~*~ (hiding).
 19172 | Orc:2    | 19172 ||| Stepping ~*~*~tactically~*~*~ (hiding).
 19173 | Orc:2    | 19173 ||| Stepping ~*~*~tactically~*~*~ (hiding).
 19174 | Orc:2    | 19174 ||| Stepping ~*~*~tactically~*~*~ (hiding).
 19176 | Orc:2    | 19176 ||| Stepping ~*~*~tactically~*~*~ (hiding).
 19397 | Orc:2    | 19397 ||| DROPPING +1 pair of gloves of hurling.
 19398 | Orc:2    | 19398 ||| DROPPING +1 helmet.
 19427 | Orc:1    | Found Coschulaa's Weapon Boutique.
 19488 | Orc:1    | 19488 ||| PLANNING SHOALS:1-3
 19636 | Shoals:1 | Entered Level 1 of the Shoals
 19650 | Shoals:1 | 19650 ||| Stepping ~*~*~tactically~*~*~ (stealth).
 19660 | Shoals:1 | Reached XP level 16. HP: 101/101 MP: 23/23
 19672 | Shoals:1 | 19672 ||| INVOKING Heroism.
 19672 | Shoals:1 | Noticed Nikola
 19673 | Shoals:1 | 19673 ||| INVOKING Finesse.
 19700 | Shoals:1 | Killed Nikola
 19786 | Shoals:1 | 19786 ||| INVOKING Heroism.
 19936 | Shoals:1 | 19936 ||| Stepping ~*~*~tactically~*~*~ (hiding).
 19938 | Shoals:1 | 19938 ||| Stepping ~*~*~tactically~*~*~ (hiding).
 19945 | Shoals:1 | Received a gift from Okawaru
 19947 | Shoals:1 | 19947 ||| INVOKING Heroism.
 20053 | Shoals:1 | 20053 ||| Stepping ~*~*~tactically~*~*~ (hiding).
 20054 | Shoals:1 | 20054 ||| Stepping ~*~*~tactically~*~*~ (hiding).
 20055 | Shoals:1 | 20055 ||| Stepping ~*~*~tactically~*~*~ (hiding).
 20098 | Shoals:1 | 20098 ||| INVOKING Heroism.
 20099 | Shoals:1 | Noticed Josephine
 20099 | Shoals:1 | 20099 ||| Stepping ~*~*~tactically~*~*~ (stealth).
 20110 | Shoals:1 | Killed Josephine
 20111 | Shoals:1 | Identified the +7 broad axe of Desertification {venom,
                  | *Corrode Dex+4} (Okawaru gifted it to you on level 1 of the
                  | Shoals)
 20111 | Shoals:1 | Received a gift from Okawaru
 20120 | Shoals:1 | 20120 ||| DROPPING +7 broad axe of Desertification {venom,
                  | *Corrode Dex+4}.
 20123 | Shoals:1 | Identified the +10 spear "Qodd" {vorpal, rF+}
 20134 | Shoals:1 | Identified the +6 trident of Ravage {vorpal, SInv}
 20145 | Shoals:1 | 20145 ||| Stepping ~*~*~tactically~*~*~ (hiding).
 20451 | Shoals:1 | 20451 ||| DROPPING +0 cloak.
 20542 | Shoals:2 | Reached skill level 17 in Axes
 20553 | Shoals:2 | 20553 ||| Stepping ~*~*~tactically~*~*~ (hiding).
 20557 | Shoals:2 | 20557 ||| INVOKING Heroism.
 20724 | Shoals:2 | 20724 ||| Stepping ~*~*~tactically~*~*~ (hiding).
 20729 | Shoals:2 | 20729 ||| INVOKING Heroism.
 20787 | Shoals:2 | Found a shadowy altar of Dithmenos.
 20792 | Shoals:2 | Noticed a kraken
 20795 | Shoals:2 | 20795 ||| INVOKING Heroism.
 20814 | Shoals:2 | Killed a kraken
 21280 | Shoals:3 | Noticed a kraken
 21282 | Shoals:3 | 21282 ||| INVOKING Heroism.
 21294 | Shoals:3 | Killed a kraken
 21302 | Shoals:3 | 21302 ||| READING scroll of enchant weapon.
 21302 | Shoals:3 | 21302 ||| ENCHANTING +8 broad axe of freezing.
 21306 | Shoals:3 | Found a runed translucent gate.
 21306 | Shoals:3 | Found a runed translucent gate.
 21306 | Shoals:3 | Found a runed translucent gate.
 21309 | Shoals:3 | Noticed Kehia's ghost (adept DrWn)
 21398 | Shoals:3 | 21398 ||| INVOKING Heroism.
 21418 | Shoals:3 | Received a gift from Okawaru
 21537 | Shoals:3 | 21537 ||| INVOKING Heroism.
 21610 | Shoals:3 | 21610 ||| Stepping ~*~*~tactically~*~*~ (stealth).
 21615 | Shoals:3 | 21615 ||| INVOKING Heroism.
 21783 | Shoals:3 | 21783 ||| Stepping ~*~*~tactically~*~*~ (hiding).
 21852 | Shoals:3 | 21852 ||| Stepping ~*~*~tactically~*~*~ (stealth).
 22058 | Shoals:3 | 22058 ||| PLANNING SPIDER:1-3
 22166 | Spider:1 | Entered Level 1 of the Spider Nest
 22172 | Spider:1 | 22172 ||| DRINKING 7 potions of curing.
 22172 | Spider:1 | 22172 ||| (to cure confusion)
 22173 | Spider:1 | 22173 ||| DRINKING 6 potions of curing.
 22173 | Spider:1 | 22173 ||| (to cure confusion)
 22175 | Spider:1 | Reached ****** piety under Okawaru
 22178 | Spider:1 | 22178 ||| INVOKING Heroism.
 22204 | Spider:1 | 22204 ||| INVOKING Finesse.
 22315 | Spider:1 | Reached skill level 18 in Axes
 22321 | Spider:1 | 22321 ||| Stepping ~*~*~tactically~*~*~ (stealth).
 22389 | Spider:1 | 22389 ||| READING scroll of enchant armour.
 22389 | Spider:1 | 22389 ||| ENCHANTING +1 plate armour of fire resistance.
 22391 | Spider:1 | 22391 ||| Stepping ~*~*~tactically~*~*~ (stealth).
 22540 | Spider:1 | Received a gift from Okawaru
 22542 | Spider:1 | 22542 ||| DROPPING +2 vorpal broad axe.
 22591 | Spider:1 | 22591 ||| INVOKING Heroism.
 22696 | Spider:1 | 22696 ||| INVOKING Heroism.
 22705 | Spider:1 | 22705 ||| DROPPING +4 ring of protection.
 22727 | Spider:1 | Identified the +8 sling "Tader" {venom, rF+ rN+ Dex+4}
 22769 | Spider:1 | 22769 ||| Stepping ~*~*~tactically~*~*~ (stealth).
 22777 | Spider:1 | 22777 ||| INVOKING Heroism.
 22788 | Spider:1 | Reached XP level 17. HP: 102/108 MP: 22/24
 22814 | Spider:1 | 22814 ||| INVOKING Heroism.
 22869 | Spider:1 | 22869 ||| Stepping ~*~*~tactically~*~*~ (hiding).
 22881 | Spider:1 | 22881 ||| Stepping ~*~*~tactically~*~*~ (stealth).
 22883 | Spider:1 | 22883 ||| Stepping ~*~*~tactically~*~*~ (hiding).
 22888 | Spider:1 | 22888 ||| INVOKING Finesse.
 23513 | Spider:2 | 23513 ||| INVOKING Heroism.
 23526 | Spider:2 | HP: 26/109 [something (4)]
 23570 | Spider:2 | 23570 ||| FLEEEEING.
 23571 | Spider:2 | 23571 ||| STAIRDANCE
 23661 | Spider:2 | 23661 ||| STAIRDANCE
 23683 | Spider:2 | 23683 ||| INVOKING Heroism.
 23684 | Spider:2 | 23684 ||| STAIRDANCE
 23697 | Spider:2 | 23697 ||| STAIRDANCE
 23706 | Spider:2 | 23706 ||| STAIRDANCE
 23721 | Spider:2 | 23721 ||| Stepping ~*~*~tactically~*~*~ (hiding).
 23793 | Spider:2 | 23793 ||| INVOKING Heroism.
 23794 | Spider:2 | 23794 ||| INVOKING Finesse.
 23795 | Spider:2 | Noticed Azrael
 23817 | Spider:2 | Killed Azrael
 23828 | Spider:2 | Noticed Frances
 23829 | Spider:2 | Noticed Arachne
 23831 | Spider:2 | HP: 12/111 [disintegration (38)]
 23832 | Spider:2 | 23832 ||| READING 12 scrolls of teleportation.
 23833 | Spider:2 | 23833 ||| DRINKING 13 potions of heal wounds.
 23837 | Spider:2 | 23837 ||| FLEEEEING.
 23839 | Spider:2 | 23839 ||| Stepping ~*~*~tactically~*~*~ (hiding).
 23843 | Spider:2 | HP: 10/111 [broodmother (23)]
 23844 | Spider:2 | 23844 ||| READING 11 scrolls of teleportation.
 23845 | Spider:2 | 23845 ||| DRINKING 12 potions of heal wounds.
 23846 | Spider:2 | 23846 ||| DRINKING 11 potions of heal wounds.
 23878 | Spider:2 | 23878 ||| Stepping ~*~*~tactically~*~*~ (stealth).
 23879 | Spider:2 | 23879 ||| Stepping ~*~*~tactically~*~*~ (stealth).
 23880 | Spider:2 | 23880 ||| INVOKING Heroism.
 23889 | Spider:2 | 23889 ||| INVOKING Finesse.
 23901 | Spider:2 | Killed Frances
 23916 | Spider:2 | Received a gift from Okawaru
 23924 | Spider:2 | Killed Arachne
 23944 | Spider:2 | 23944 ||| INVOKING Heroism.
 23982 | Spider:2 | 23982 ||| Stepping ~*~*~tactically~*~*~ (stealth).
 24199 | Spider:3 | 24199 ||| INVOKING Finesse.
 24200 | Spider:3 | 24200 ||| INVOKING Heroism.
 24202 | Spider:3 | 24202 ||| Stepping ~*~*~tactically~*~*~ (hiding).
 24210 | Spider:3 | 24210 ||| Stepping ~*~*~tactically~*~*~ (hiding).
 24214 | Spider:3 | 24214 ||| Stepping ~*~*~tactically~*~*~ (hiding).
 24221 | Spider:3 | 24221 ||| STAIRDANCE
 24358 | Spider:3 | 24358 ||| STAIRDANCE
 24360 | Spider:2 | 24360 ||| INVOKING Heroism.
 24361 | Spider:2 | 24361 ||| INVOKING Finesse.
 24363 | Spider:2 | Identified the +0 tower shield of the Tundras {*Corrode
                  | rPois Str+4 Slay+3} (Okawaru gifted it to you on level 2 of
                  | the Spider Nest)
 24363 | Spider:2 | Received a gift from Okawaru
 24444 | Spider:2 | 24444 ||| UPGRADING to +0 tower shield of the Tundras
                  | {*Corrode rPois Str+4 Slay+3}.
 24454 | Spider:2 | 24454 ||| DROPPING +2 kite shield of protection.
 24457 | Spider:3 | 24457 ||| STAIRDANCE
 24459 | Spider:2 | 24459 ||| DRINKING 5 potions of curing.
 24459 | Spider:2 | 24459 ||| (to cure confusion)
 24460 | Spider:2 | 24460 ||| INVOKING Heroism.
 24507 | Spider:3 | 24507 ||| STAIRDANCE
 24509 | Spider:2 | 24509 ||| INVOKING Heroism.
 24552 | Spider:3 | 24552 ||| STAIRDANCE
 24673 | Spider:3 | 24673 ||| STAIRDANCE
 24680 | Spider:3 | 24680 ||| INVOKING Finesse.
 24685 | Spider:3 | 24685 ||| INVOKING Heroism.
 24693 | Spider:3 | Blown up by an orb spider

Levels and vault maps discovered:
D:1:      tarquinn_simple_flora_water_e, layout_basic,
          shapermc_ecumenical_altar_acropolis
D:2:      layout_rooms
D:3:      layout_basic, mainiacjoe_overflow_brackets
D:4:      layout_basic, mainiacjoe_overflow_alcove_4
D:5:      layout_rooms, nicolae_qazlal_general_emergency,
          minmay_temple_entry_enclosed_plants, uniq_eustachio
D:6:      layout_loops_ring, fedhas_ov_isle_minmay, nicolae_elemental_shop,
          uniq_duvessa
D:7:      layout_gridville, trog_butcher_becter, serial_shops,
          nicolae_shop_trees, uniq_pikel
D:8:      layout_rooms, serial_rivers, chequers_serial_rivers_micro_a,
          chequers_serial_rivers_room_b, chequers_serial_rivers_micro_a,
          chequers_serial_rivers_micro_b
D:9:      layout_long_grid, kiku_gazebo_pond_becter, overflow_temple_1_default,
          lair_entry_dummy, kennysheep_orc_monster_closet_entryway,
          enter_bailey_3, uniq_gastronok
D:10:     minmay_separated_statues, layout_cave_pools, nicolae_vehumet_radiance,
          worldfamousw_hep_ancestral_shrine, serial_shops, shop_statue,
          minmay_misc_feat_enclosed
D:11:     minmay_the_grid_triangle_9x9_rhombus_full
          [minmay_the_grid_triangle_9x9_tough_junction,
          minmay_the_grid_triangle_9x9_windchime,
          minmay_the_grid_triangle_9x9_negative_grid,
          minmay_the_grid_triangle_9x9_intruding_spiral,
          minmay_the_grid_triangle_9x9_stretched_checkered,
          minmay_the_grid_triangle_9x9_sprig,
          minmay_the_grid_triangle_9x9_swiss_cheese,
          minmay_the_grid_triangle_9x9_prize_insulated], layout_basic,
          serial_shops, nicolae_square_shop, uniq_psyche, uniq_fannar
D:12:     layout_roguey, nicolae_sif_muna_little_library
D:13:     layout_roguey, portal_ice_cave_demonic_guard
D:14:     layout_cave_pods, erik_vaults_1, serial_shops, nicolae_shop_stone,
          enter_trove_5, hangedman_abyss_or_decor_clamps, minmay_door_square
D:15:     grunt_enter_depths_magical_seal, layout_stronghold,
          grunt_decor_resistance, chequers_serial_rivers_micro_c
Temple:   nicolae_temple_ecumenical_triangle
Lair:1:   layout_cave_pods, infiniplex_staircase_pool
Lair:2:   beast_lair_carwin_large_2, layout_loops_ring,
          spider_nest_entry_web_field, st_stairs_4,
          chequers_serial_rivers_large_a
Lair:3:   beast_lair_carwin_large_3, layout_chaotic_city,
          elwin_shoals_entry_rooms, lemuel_fruit_fields, serial_bayou_shore_a
Lair:4:   layout_roguey
Lair:5:   due_jungle_book, layout_loops_ring, slime_entry_1, grunt_megastairs_4,
          lemuel_fruit_tree
Shoals:1: layout_shoals, uniq_josephine, uniq_nikola
Shoals:2: layout_shoals, wheals_shoals_ruined_temple
Shoals:3: layout_shoals, gammafunk_ghost_tricky_traps,
          nicolae_shoals_seven_spires
Spider:1: layout_chambers
Spider:2: layout_spider_delve, uniq_arachne, uniq_frances, uniq_azrael
Spider:3: layout_spider_delve
Orc:1:    layout_diamond_mine, serial_shops, shop, basic_altar,
          minmay_orc_temple_a
Orc:2:    st_orc_mages, layout_caves, nicolae_orc_crystal_geode, uniq_nessos

Skill      XL: |  1  2  3  4  5  6  7  8  9 10 11 12 13 14 15 16 17 |
---------------+----------------------------------------------------+-----
Axes           | 2 3 4 5 6 7 8 9 11 12 13 15 16 18 | 18.0
Dodging        | 1 2 3 |  3.1
Fighting       | 4 5 6 7 8 9 10 11 12 13 14 | 14.4
Invocations    | 3 5 7 10 | 10.0
Armour         | 5 6 7 9 10 12 13 | 13.0
Shields        | 4 5 9 10 11 12 13 14 | 14.8
Throwing       | 3 5 6 7 |  7.9

Action                   |  1- 3 |  4- 6 |  7- 9 | 10-12 | 13-15 | 16-18 || total
-------------------------+-------+-------+-------+-------+-------+-------++-------
Melee: War axe           |    98 |   162 |   248 |    35 |       |       ||   543
       Broad axe         |       |       |       |   376 |   896 |   654 ||  1926
       Morningstar       |       |       |       |    18 |     9 |       ||    27
Throw: Javelin           |       |       |       |     8 |   166 |    49 ||   223
       Boomerang         |       |       |       |       |    11 |    64 ||    75
Invok: Heroism           |       |       |     8 |    36 |    38 |    26 ||   108
       Finesse           |       |       |       |     4 |    10 |     8 ||    22
  Use: Scroll            |     7 |     3 |     8 |     9 |    10 |     4 ||    41
       Potion            |     3 |     2 |     4 |     2 |     7 |     6 ||    24
 Stab: Invisible         |     1 |       |       |       |       |       ||     1
Armor: Scale mail        |    47 |    92 |    77 |       |       |       ||   216
       Chain mail        |       |       |    67 |   163 |    11 |       ||   241
       Plate armour      |       |       |       |       |   365 |   332 ||   697
Dodge: Dodged            |    41 |    64 |   126 |   136 |   321 |   377 ||  1065
       Repelled          |       |       |       |       |     7 |     5 ||    12
Block: Buckler           |    16 |    37 |    67 |    38 |       |       ||   158
       Kite shield       |       |       |       |   130 |   448 |   397 ||   975
       Tower shield      |       |       |       |       |       |    76 ||    76

Table legend:
 A = Non-vault XP
 B = Vault XP
 C = Vault XP percentage of total XP
 D = Non-vault monster count
 E = Vault monster count
 F = Vault count percentage of total count
                 A         B        C        D         E       F
            +---------+---------+-------+---------+---------+-------
      Total |  165364 |   61327 |  27.1 |     657 |     190 |  22.4
            +---------+---------+-------+---------+---------+-------
        D:1 |      17 |       0 |   0.0 |      10 |       0 |   0.0
        D:2 |      36 |       0 |   0.0 |      23 |       0 |   0.0
        D:3 |      76 |       0 |   0.0 |      18 |       0 |   0.0
        D:4 |     279 |       0 |   0.0 |      28 |       0 |   0.0
        D:5 |     454 |     211 |  31.7 |      14 |       1 |   6.7
        D:6 |    1046 |     209 |  16.7 |      14 |       2 |  12.5
        D:7 |    1177 |     976 |  45.3 |      24 |       5 |  17.2
        D:8 |    1068 |       0 |   0.0 |      16 |       0 |   0.0
        D:9 |    1891 |    2767 |  59.4 |      11 |      24 |  68.6
       D:10 |    2874 |    1130 |  28.2 |      26 |       2 |   7.1
       D:11 |    1831 |   10763 |  85.5 |      15 |      25 |  62.5
       D:12 |    7877 |       0 |   0.0 |      34 |       0 |   0.0
       D:13 |    6076 |     645 |   9.6 |      18 |       2 |  10.0
       D:14 |    9472 |    2522 |  21.0 |      17 |       3 |  15.0
       D:15 |   11311 |    4831 |  29.9 |      18 |      10 |  35.7
     Lair:1 |    2796 |       0 |   0.0 |      10 |       0 |   0.0
     Lair:2 |    5476 |    1526 |  21.8 |      21 |       7 |  25.0
     Lair:3 |    5124 |    1243 |  19.5 |      14 |      10 |  41.7
     Lair:4 |    7679 |       0 |   0.0 |      29 |       0 |   0.0
     Lair:5 |    9284 |   13392 |  59.1 |      20 |      23 |  53.5
   Shoals:1 |   11481 |    4235 |  26.9 |      26 |       6 |  18.8
   Shoals:2 |    4156 |    4341 |  51.1 |       9 |       5 |  35.7
   Shoals:3 |   16352 |       0 |   0.0 |      29 |       0 |   0.0
   Spider:1 |   22088 |       0 |   0.0 |      63 |       0 |   0.0
   Spider:2 |   21400 |    5613 |  20.8 |      56 |       8 |  12.5
   Spider:3 |    9132 |       0 |   0.0 |      22 |       0 |   0.0
      Orc:1 |    2129 |     135 |   6.0 |      26 |       7 |  21.2
      Orc:2 |    2782 |    6788 |  70.9 |      46 |      50 |  52.1
            +---------+---------+-------+---------+---------+-------
